AoeStats
← AAcO

Nomad

503079385Analyzed
1v1 RM · 1mo ago on Aug 30, 2026· 22m 13s· 2 players
Game mode
Random Map
Map size
126×126
Population
200
Speed
Normal
Resources
Standard
Victory
Conquest
Starting age
Dark Age
Ending age
Imperial Age
RankedLock teamsTeams togetherTeam positionsShared explorationLock speedFull tech treeHidden civsTurbo modeCheats
Victory
Defeat
🇹🇼 Khmer · Taiwan
1452
+14
🇮🇳 Malay · India
1400
-14
generalqwert
4:51 Loom
5:24 Loom
14:18 Feudal Age
19:34 Castle Age
18:31 Scale Barding Armor
18:37 Forging
18:28 Double-Bit Axe
AAcO
10:05 Loom
12:46 Feudal Age
15:50 Castle Age
14:11 Double-Bit Axe
16:48 Medium Warships
16:50 Bow Saw
18:09 Town Watch
21:37 Fishing Lines
Connection lost

Rejoining the realm…

Still unreachable

The connection could not be restored.

Session expired

The server has moved on; the page needs a fresh start.